AoeStats
← 牛油果

Arabia

510296940Analyzed
1v1 RM · 23h ago on Sep 30, 2026· 35m 47s· 2 players
Game mode
Random Map
Map size
Tiny (2 player)
Population
200
Speed
Normal
Resources
Standard
Victory
Conquest
Starting age
Dark Age
Ending age
Imperial Age
RankedLock teamsTeams togetherTeam positionsShared explorationLock speedFull tech treeHidden civsTurbo modeCheats
Victory
Defeat
🇭🇰 Vietnamese · Hong Kong SAR China
1858
+16
🇦🇷 Vietnamese · Argentina
1865
-16
牛油果
7:37 Loom
9:27 Feudal Age
10:00 Loom
10:08 Double-Bit Axe
10:03 Horse Collar
12:52 Wheelbarrow
17:20 Castle Age
18:18 Bow Saw
18:09 Heavy Plow
20:05 Fletching
22:50 Bodkin Arrow
23:16 Gold Mining
25:34 Heavy Plow
27:41 Hand Cart
32:34 Imperial Age
30:17 Scale Barding Armor
31:00 Forging
31:01 Bloodlines
30:51 Husbandry
31:30 Chain Barding Armor
31:08 Light Cavalry
32:40 Iron Casting
32:18 Town Watch
32:37 Cavalier
34:17 Two-Man Saw
33:48 Crop Rotation
33:58 Plate Barding Armor
34:20 Stone Mining
★ DrumM ❿
6:38 Loom
8:49 Feudal Age
9:25 Double-Bit Axe
11:20 Horse Collar
14:07 Wheelbarrow
17:40 Castle Age
16:13 Fletching
16:26 Gold Mining
18:23 Bodkin Arrow
18:44 Bow Saw
20:36 Elite Skirmisher
21:49 Padded Archer Armor
25:38 Hand Cart
26:00 Leather Archer Armor
26:31 Ballistics
27:29 Stone Mining
27:30 Gold Mining
32:49 Imperial Age
31:59 Heavy Plow
31:50 Crossbowman
33:12 Thumb Ring
33:03 Arbalester
33:52 Bracer
36:33 Chemistry
Connection lost

Rejoining the realm…

Still unreachable

The connection could not be restored.

Session expired

The server has moved on; the page needs a fresh start.